Workbook

Sheet GESTION
B3: CHARGES FIXES Hors Taxes
B4: CARBURANT CAMION | E4: 0
B5: CARBURANT POUR GROUPE ELECTROGENE | E5: 0
B6: TELEPHONE PORTABLE | E6: 0
B7: ASSURANCE CAMION | E7: 0
B8: GAZ POUR FOUR | E8: 0
B9: COMPTABLE | E9: 0
B10: xxxx | E10: 0
B11: xxxx | E11: 0
B13: TVA | C13: 0.055
B14: TVA | C14: 0.07
B15: TVA | C15: 0.2
B18: CHARGES VARIABLES Hors Taxes
B19: Boite à pizza Ø31 (tva à 20%) | E19: 0.18
E20: 0
E21: 0
E22: 0
E23: 0
E24: 0
E25: 0
E26: 0

Sheet INGREDIENTS
A1: TYPE | B1: PRODUIT | C1: UNITE | D1: PRIX € HT | E1: MARQUE | F1: CONDITIONNER | G1: DATE
A2: Pate | B2: Farine | C2: Kg | D2: 0.64 | H2: metro | I2: 1
B3: Levure | C3: Kg | D3: 2.5 | I3: 2
A4: Bases | B4: Coulis de Tomate | C4: Kg | D4: 1.29 | I4: 3 | K4: RECETTES 1 | M4: Kilo | N4: Prix de revient
B5: Crème Fraiche | C5: Kg | D5: 2.59 | I5: 4 | L5: FARINE | M5: 1 | N5: =SUM(M5*INGREDIENTS!$D$2/1) -> 0.64
A6: Fromages | B6: Mozzarella cossette | C6: Kg | D6: 2 | I6: 5 | L6: EAU | M6: 0.7 | N6: 0.01
B7: Mozzarella bloc | C7: Kg | D7: 2 | I7: 6 | L7: Levure fraiche | M7: 0.01 | N7: =SUM(M7*INGREDIENTS!$D$3/1) -> 0.025
B8: Paremesan | C8: Kg | D8: 2 | I8: 7 | L8: Huile d'olives | M8: 0.025 | N8: =SUM(M8*INGREDIENTS!$D$53/1) -> 0.05
B9: Chèvre | C9: Kg | D9: 2 | I9: 8 | L9: Sel | M9: 3 | N9: 0.01
B10: Roquefort | C10: Kg | D10: 2 | I10: 9 | M10: Total 3 patons | N10: =SUM(N5:N9) -> 0.735
B11: St Nectaire | C11: Kg | D11: 2 | I11: 10 | M11: TOTAL 1 PATON | N11: =N10/3 -> 0.245
B12: Emmental | C12: Kg | D12: 2 | I12: 11
A13: Légumes | B13: Tomates Cœur de B | C13: Kg | D13: 2 | I13: 12
B14: Poivrons rouge | C14: Kg | D14: 2 | I14: 13
B15: Poivrons vert | C15: Kg | D15: 2 | I15: 14
B16: Courgette | C16: Kg | D16: 2 | I16: 15
B17: Piments Rouges | C17: Kg | D17: 2 | I17: 16
B18: Oignons Jaunes | C18: Kg | D18: 2 | I18: 17
B19: Oignons Rouges | C19: Kg | D19: 2 | I19: 18
B20: Echalottes | C20: Kg | D20: 2 | I20: 19
B21: Ail Viloet | C21: Kg | D21: 2 | I21: 20
B22: Champignon Paris | C22: Kg | D22: 2 | I22: 21
B23: Cèpes | C23: Kg | D23: 2 | I23: 22
B24: Roquette | C24: Kg | D24: 2 | I24: 23
B25: Basilic | C25: Kg | D25: 2 | I25: 24
... B29: Ciboulette | C29: Kg | D29: 2 | I29: 28
A30: Fruits | B30: Olives Verte | C30: Kg | D30: 2 | I30: 29
B31: Olives Noir | C31: Kg | D31: 2 | I31: 30
B32: Citron Jaune | C32: Kg | D32: 2 | I32: 31
B33: Miel | C33: Kg | D33: 2 | I33: 32
B34: Ananas | C34: Kg | D34: 2 | I34: 33
A35: Viande poissons | B35: Bœuf | C35: Kg | D35: 2 | I35: 34
B36: Poulet | C36: Kg | D36: 2 | I36: 35
B37: Canard magret | C37: Kg | D37: 2 | I37: 36
B38: XXXXXX | C38: Kg | D38: 2 | I38: 37
B39: Jambon Serano | C39: Kg | D39: 2 | I39: 38
B40: Jambon blanc | C40: Kg | D40: 2 | I40: 39
B41: Chorizo | C41: Kg | D41: 2 | I41: 40
B42: Anchois | C42: Kg | D42: 2 | I42: 41
B43: XXXX | C43: Kg | D43: 2 | I43: 42
B44: Saumon Fumé | C44: Kg | D44: 2 | I44: 43
A45: Epices | B45: Sel | C45: Kg | D45: 2 | I45: 44
B46: Poivre | C46: Kg | D46: 2 | I46: 45
B47: XXXXXXX | C47: Kg | D47: 2 | I47: 46
B48: XXXXXX | C48: Kg | D48: 2 | I48: 47
B49: Cury | C49: Kg | D49: 2 | I49: 48
B50: XXXXXX | C50: Kg | D50: 2 | I50: 49
B51: XXXXXX | C51: Kg | D51: 2 | I51: 50
B52: Origan | C52: Kg | D52: 2 | I52: 51
B53: Huile D'olive | C53: L | D53: 2 | I53: 52
B101: FIN INGREDIENT

Sheet BASES ROUGES
A1: DESIGNATION | B1: GARNITURES | D1: Qt gr | E1: Kilos | F1: COUT DE REVIENT € | H1: TOTAL REVIENT GARNITURES HT | J1: =SUM(F2:F7) -> 0.3332 | N1: Prix moyen des Pizzas Rouges | P1: Pizza sur carte | Q1: Ø31 | R1: Prix de revient moyen bases rouges | T1: =(J4+J15+J26+J37+J48+J59+J70+J81+J92+J103+J114)/11 -> #N/A | U1: TVA Reversée Moyen | X1: 0.18
A2: RECETTE 1 | B2: Coulis de Tomate | D2: 80 | E2: =D2/1000 -> 0.08 | F2: =VLOOKUP($B2,INGREDIENTS!$B$2:$D$100,3,FALSE)*'BASES ROUGES'!E2 -> 0.1032 | H2: TOTAL REVIENT PATON 280 GR HT | J2: =INGREDIENTS!$N$11 -> 0.245 | N2: =SUM((J6+J17+J28+J39+J50+J61+J72+J83+J94+J105+J116)/11) -> #N/A | P2: 11 | U2: =SUM(J10,J21,J32,J43,J54,J65,J76,J87,J98,J109,J120)/P2 -> #N/A | X2: =N2*X1 -> #N/A
B3: Mozzarella cossette | D3: 100 | E3: =D3/1000 -> 0.1 | F3: =VLOOKUP($B3,INGREDIENTS!$B$2:$D$100,3,FALSE)*'BASES ROUGES'!E3 -> 0.2 | H3: Boite à pizza Ø 31 | J3: =GESTION!$E$19 -> 0.18
B4: Basilic | D4: 5 | E4: =D4/1000 -> 0.005 | F4: =VLOOKUP($B4,INGREDIENTS!$B$2:$D$100,3,FALSE)*'BASES ROUGES'!E4 -> 0.01 | H4: TOTAL PRIX DE REVIENT | J4: =SUM(J1+J2+J3) -> 0.7582
B5: Huile D'olive | D5: 10 | E5: =D5/1000 -> 0.01 | F5: =VLOOKUP($B5,INGREDIENTS!$B$2:$D$100,3,FALSE)*'BASES ROUGES'!E5 -> 0.02 | H5: % DE MARGE BRUTE | J5: 6 | T5: REMPLIR LA COLONE D (Qt gr) UNIQUEMENT La conversion Grammes / Kilos est automatique
H6: PRIX DE VENTE TTC à 7% | J6: =SUM((J4*J5)+J4) -> 5.3074 | N6: PIZZA | O6: Marges B | P6: Bénéfices b | Q6: Prix de vente | R6: Prix de revient
H7: BENEFICES BRUTS | J7: =SUM((J6-(J1+J2))) -> 4.7292 | N7: RECETTE 1 | O7: =J5 -> 6 | P7: =J7 -> 4.7292 | Q7: =J6 -> 5.3074 | R7: =J4 -> 0.7582
H8: TVA | I8: TVA déductible | J8: =((J1+J2)*GESTION!$C$13)+(J3*GESTION!$C$15) -> 0.067801 | N8: RECETTE 2 | O8: =J16 -> 6.05 | P8: =J18 -> 5.79561 | Q8: =J17 -> 6.54381 | R8: =J15 -> 0.9282
I9: TVA Collectée | J9: =J6*GESTION!$C$14 -> 0.371518 | N9: RECETTE 3 | O9: =J27 -> 5.2 | P9: =J29 -> #N/A | Q9: =J28 -> #N/A | R9: =J26 -> #N/A
I10: TVA Reverssée | J10: =J9-J8 -> 0.303717 | N10: RECETTE 4 | O10: =J38 -> 6.4 | P10: =J40 -> #N/A | Q10: =J39 -> #N/A | R10: =J37 -> #N/A
N11: RECETTE 5 | O11: =J49 -> 3.58 | P11: =J51 -> #N/A | Q11: =J50 -> #N/A | R11: =J48 -> #N/A | T11: CHOISIR SA GARNITURE A L'AIDE DU MENU DEROULANT (Colonnes B/C)
A12: DESIGNATION | B12: GARNITURES | D12: Qt gr | E12: Kilos | F12: COUT DE REVIENT € | H12: TOTAL REVIENT GARNITURES HT | J12: =SUM(F13:F20) -> 0.5032 | N12: RECETTE 6 | O12: =J60 -> 4.68 | P12: =J62 -> #N/A | Q12: =J61 -> #N/A | R12: =J59 -> #N/A
A13: RECETTE2 | B13: Coulis de Tomate | D13: 80 | E13: =D13/1000 -> 0.08 | F13: =VLOOKUP($B13,INGREDIENTS!$B$2:$D$100,3,FALSE)*'BASES ROUGES'!E13 -> 0.1032 | H13: TOTAL REVIENT PATON 280 GR HT | J13: =INGREDIENTS!$N$11 -> 0.245 | N13: RECETTE 7 | O13: =J71 -> 8 | P13: =J73 -> #N/A | Q13: =J72 -> #N/A | R13: =J70 -> #N/A
B14: Mozzarella cossette | D14: 100 | E14: =D14/1000 -> 0.1 | F14: =VLOOKUP($B14,INGREDIENTS!$B$2:$D$100,3,FALSE)*'BASES ROUGES'!E14 -> 0.2 | H14: Boite à pizza Ø 31 | J14: =GESTION!$E$19 -> 0.18 | N14: RECETTE 8 | O14: =J82 -> 4.15 | P14: =J84 -> #N/A | Q14: =J83 -> #N/A | R14: =J81 -> #N/A
B15: Champignon Paris | D15: 50 | E15: =D15/1000 -> 0.05 | F15: =VLOOKUP($B15,INGREDIENTS!$B$2:$D$100,3,FALSE)*'BASES ROUGES'!E15 -> 0.1 | H15: TOTAL PRIX DE REVIENT | J15: =SUM(J12+J13+J14) -> 0.9282 | N15: RECETTE 9 | O15: =J93 -> 4 | P15: =J95 -> #N/A | Q15: =J94 -> #N/A | R15: =J92 -> #N/A
B16: Jambon blanc | D16: 50 | E16: =D16/1000 -> 0.05 | F16: =VLOOKUP($B16,INGREDIENTS!$B$2:$D$100,3,FALSE)*'BASES ROUGES'!E16 -> 0.1 | H16: % DE MARGE BRUTE | J16: 6.05 | N16: RECETTE 10 | O16: =J104 -> 2.28 | P16: =J106 -> #N/A | Q16: =J105 -> #N/A | R16: =J103 -> #N/A
H17: PRIX DE VENTE TTC à 7% | J17: =SUM((J15*J16)+J15) -> 6.54381 | N17: RECETTE 11 | O17: =J115 -> 4.85 | P17: =J117 -> #N/A | Q17: =J116 -> #N/A | R17: =J114 -> #N/A
H18: BENEFICES BRUTS | J18: =SUM((J17-(J12+J13))) -> 5.79561
H19: TVA | I19: TVA déductible | J19: =((J12+J13)*GESTION!$C$13)+(J14*GESTION!$C$15) -> 0.077151
I20: TVA Collectée | J20: =J17*GESTION!$C$14 -> 0.4580667
I21: TVA Reverssée | J21: =J20-J19 -> 0.3809157
A23: DESIGNATION | B23: GARNITURES | D23: Qt gr | E23: Kilos | F23: COUT DE REVIENT € | H23: TOTAL REVIENT GARNITURES HT | J23: =SUM(F24:F31) -> #N/A
A24: RECETTE 3 | B24: Coulis de Tomate | D24: 80 | E24: =D24/1000 -> 0.08 | F24: =VLOOKUP($B24,INGREDIENTS!$B$2:$D$100,3,FALSE)*'BASES ROUGES'!E24 -> 0.1032 | H24: TOTAL REVIENT PATON 280 GR HT | J24: =INGREDIENTS!$N$11 -> 0.245
B25: Mozzarella cossette | D25: 100 | E25: =D25/1000 -> 0.1 | F25: =VLOOKUP($B25,INGREDIENTS!$B$2:$D$100,3,FALSE)*'BASES ROUGES'!E25 -> 0.2 | H25: Boite à pizza Ø 31 | J25: =GESTION!$E$19 -> 0.18
D26: 20 | E26: =D26/1000 -> 0.02 | F26: =VLOOKUP($B26,INGREDIENTS!$B$2:$D$100,3,FALSE)*'BASES ROUGES'!E26 -> #N/A | H26: TOTAL PRIX DE REVIENT | J26: =SUM(J23+J24+J25) -> #N/A
D27: 20 | E27: =D27/1000 -> 0.02 | F27: =VLOOKUP($B27,INGREDIENTS!$B$2:$D$100,3,FALSE)*'BASES ROUGES'!E27 -> #N/A | H27: % DE MARGE BRUTE | J27: 5.2
D28: 2 | E28: =D28/1000 -> 0.002 | F28: =VLOOKUP($B28,INGREDIENTS!$B$2:$D$100,3,FALSE)*'BASES ROUGES'!E28 -> #N/A | H28: PRIX DE VENTE TTC à 7% | J28: =SUM((J26*J27)+J26) -> #N/A
D29: 10 | E29: =D29/1000 -> 0.01 | F29: =VLOOKUP($B29,INGREDIENTS!$B$2:$D$100,3,FALSE)*'BASES ROUGES'!E29 -> #N/A | H29: BENEFICES BRUTS | J29: =SUM((J28-(J23+J24))) -> #N/A
H30: TVA | I30: TVA déductible | J30: =((J23+J24)*GESTION!$C$13)+(J25*GESTION!$C$15) -> #N/A
I31: TVA Collectée | J31: =J28*GESTION!$C$14 -> #N/A
I32: TVA Reverssée | J32: =J31-J30 -> #N/A
A34: DESIGNATION | B34: GARNITURES | D34: Qt gr | E34: Kilos | F34: COUT DE REVIENT € | H34: TOTAL REVIENT GARNITURES HT | J34: =SUM(F35:F42) -> #N/A
A35: RECETTE 4 | B35: Coulis de Tomate | D35: 50 | E35: =D35/1000 -> 0.05 | F35: =VLOOKUP($B35,INGREDIENTS!$B$2:$D$100,3,FALSE)*'BASES ROUGES'!E35 -> 0.0645 | H35: TOTAL REVIENT PATON 280 GR HT | J35: =INGREDIENTS!$N$11 -> 0.245
B36: Mozzarella cossette | D36: 80 | E36: =D36/1000 -> 0.08 | F36: =VLOOKUP($B36,INGREDIENTS!$B$2:$D$100,3,FALSE)*'BASES ROUGES'!E36 -> 0.16 | H36: Boite à pizza Ø 31 | J36: =GESTION!$E$19 -> 0.18
D37: 80 | E37: =D37/1000 -> 0.08 | F37: =VLOOKUP($B37,INGREDIENTS!$B$2:$D$100,3,FALSE)*'BASES ROUGES'!E37 -> #N/A | H37: TOTAL PRIX DE REVIENT | J37: =SUM(J34+J35+J36) -> #N/A
D38: 40 | E38: =D38/1000 -> 0.04 | F38: =VLOOKUP($B38,INGREDIENTS!$B$2:$D$100,3,FALSE)*'BASES ROUGES'!E38 -> #N/A | H38: % DE MARGE BRUTE | J38: 6.4
D39: 20 | E39: =D39/1000 -> 0.02 | F39: =VLOOKUP($B39,INGREDIENTS!$B$2:$D$100,3,FALSE)*'BASES ROUGES'!E39 -> #N/A | H39: PRIX DE VENTE TTC à 7% | J39: =SUM((J37*J38)+J37) -> #N/A
D40: 10 | E40: =D40/1000 -> 0.01 | F40: =VLOOKUP($B40,INGREDIENTS!$B$2:$D$100,3,FALSE)*'BASES ROUGES'!E40 -> #N/A | H40: BENEFICES BRUTS | J40: =SUM((J39-(J34+J35))) -> #N/A
H41: TVA | I41: TVA déductible | J41: =((J34+J35)*GESTION!$C$13)+(J36*GESTION!$C$15) -> #N/A
I42: TVA Collectée | J42: =J39*GESTION!$C$14 -> #N/A
I43: TVA Reverssée | J43: =J42-J41 -> #N/A
A45: DESIGNATION | B45: GARNITURES | D45: Qt gr | E45: Kilos | F45: COUT DE REVIENT € | H45: TOTAL REVIENT GARNITURES HT | J45: =SUM(F46:F53) -> #N/A
A46: RECETTE 5 | B46: Coulis de Tomate | D46: 50 | E46: =D46/1000 -> 0.05 | F46: =VLOOKUP($B46,INGREDIENTS!$B$2:$D$100,3,FALSE)*'BASES ROUGES'!E46 -> 0.0645 | H46: TOTAL REVIENT PATON 280 GR HT | J46: =INGREDIENTS!$N$11 -> 0.245
B47: Mozzarella cossette | D47: 80 | E47: =D47/1000 -> 0.08 | F47: =VLOOKUP($B47,INGREDIENTS!$B$2:$D$100,3,FALSE)*'BASES ROUGES'!E47 -> 0.16 | H47: Boite à pizza Ø 31 | J47: =GESTION!$E$19 -> 0.18
D48: 40 | E48: =D48/1000 -> 0.04 | F48: =VLOOKUP($B48,INGREDIENTS!$B$2:$D$100,3,FALSE)*'BASES ROUGES'!E48 -> #N/A | H48: TOTAL PRIX DE REVIENT | J48: =SUM(J45+J46+J47) -> #N/A
D49: 40 | E49: =D49/1000 -> 0.04 | F49: =VLOOKUP($B49,INGREDIENTS!$B$2:$D$100,3,FALSE)*'BASES ROUGES'!E49 -> #N/A | H49: % DE MARGE BRUTE | J49: 3.58
D50: 40 | E50: =D50/1000 -> 0.04 | F50: =VLOOKUP($B50,INGREDIENTS!$B$2:$D$100,3,FALSE)*'BASES ROUGES'!E50 -> #N/A | H50: PRIX DE VENTE TTC à 7% | J50: =SUM((J48*J49)+J48) -> #N/A
D51: 100 | E51: =D51/1000 -> 0.1 | F51: =VLOOKUP($B51,INGREDIENTS!$B$2:$D$100,3,FALSE)*'BASES ROUGES'!E51 -> #N/A | H51: BENEFICES BRUTS | J51: =SUM((J50-(J45+J46))) -> #N/A
H52: TVA | I52: TVA déductible | J52: =((J45+J46)*GESTION!$C$13)+(J47*GESTION!$C$15) -> #N/A
I53: TVA Collectée | J53: =J50*GESTION!$C$14 -> #N/A
I54: TVA Reverssée | J54: =J53-J52 -> #N/A
A56: DESIGNATION | B56: GARNITURES | D56: Qt gr | E56: Kilos | F56: COUT DE REVIENT € | H56: TOTAL REVIENT GARNITURES HT | J56: =SUM(F57:F64) -> #N/A
A57: RECETTE 6 | B57: Coulis de Tomate | D57: 50 | E57: =D57/1000 -> 0.05 | F57: =VLOOKUP($B57,INGREDIENTS!$B$2:$D$100,3,FALSE)*'BASES ROUGES'!E57 -> 0.0645 | H57: TOTAL REVIENT PATON 280 GR HT | J57: =INGREDIENTS!$N$11 -> 0.245
B58: Mozzarella cossette | D58: 80 | E58: =D58/1000 -> 0.08 | F58: =VLOOKUP($B58,INGREDIENTS!$B$2:$D$100,3,FALSE)*'BASES ROUGES'!E58 -> 0.16 | H58: Boite à pizza Ø 31 | J58: =GESTION!$E$19 -> 0.18
D59: 40 | E59: =D59/1000 -> 0.04 | F59: =VLOOKUP($B59,INGREDIENTS!$B$2:$D$100,3,FALSE)*'BASES ROUGES'!E59 -> #N/A | H59: TOTAL PRIX DE REVIENT | J59: =SUM(J56+J57+J58) -> #N/A
D60: 40 | E60: =D60/1000 -> 0.04 | F60: =VLOOKUP($B60,INGREDIENTS!$B$2:$D$100,3,FALSE)*'BASES ROUGES'!E60 -> #N/A | H60: % DE MARGE BRUTE | J60: 4.68
D61: 150 | E61: =D61/1000 -> 0.15 | F61: =VLOOKUP($B61,INGREDIENTS!$B$2:$D$100,3,FALSE)*'BASES ROUGES'!E61 -> #N/A | H61: PRIX DE VENTE TTC à 7% | J61: =SUM((J59*J60)+J59) -> #N/A
D62: 5 | E62: =D62/1000 -> 0.005 | F62: =VLOOKUP($B62,INGREDIENTS!$B$2:$D$100,3,FALSE)*'BASES ROUGES'!E62 -> #N/A | H62: BENEFICES BRUTS | J62: =SUM((J61-(J56+J57))) -> #N/A
H63: TVA | I63: TVA déductible | J63: =((J56+J57)*GESTION!$C$13)+(J58*GESTION!$C$15) -> #N/A
I64: TVA Collectée | J64: =J61*GESTION!$C$14 -> #N/A
I65: TVA Reverssée | J65: =J64-J63 -> #N/A
A67: DESIGNATION | B67: GARNITURES | D67: Qt gr | E67: Kilos | F67: COUT DE REVIENT € | H67: TOTAL REVIENT GARNITURES HT | J67: =SUM(F68:F75) -> #N/A
A68: RECETTE 7 | B68: Coulis de Tomate | D68: 50 | E68: =D68/1000 -> 0.05 | F68: =VLOOKUP($B68,INGREDIENTS!$B$2:$D$100,3,FALSE)*'BASES ROUGES'!E68 -> 0.0645 | H68: TOTAL REVIENT PATON 280 GR HT | J68: =INGREDIENTS!$N$11 -> 0.245
B69: Mozzarella cossette | D69: 80 | E69: =D69/1000 -> 0.08 | F69: =VLOOKUP($B69,INGREDIENTS!$B$2:$D$100,3,FALSE)*'BASES ROUGES'!E69 -> 0.16 | H69: Boite à pizza Ø 31 | J69: =GESTION!$E$19 -> 0.18
D70: 40 | E70: =D70/1000 -> 0.04 | F70: =VLOOKUP($B70,INGREDIENTS!$B$2:$D$100,3,FALSE)*'BASES ROUGES'!E70 -> #N/A | H70: TOTAL PRIX DE REVIENT | J70: =SUM(J67+J68+J69) -> #N/A
D71: 40 | E71: =D71/1000 -> 0.04 | F71: =VLOOKUP($B71,INGREDIENTS!$B$2:$D$100,3,FALSE)*'BASES ROUGES'!E71 -> #N/A | H71: % DE MARGE BRUTE | J71: 8
D72: 60 | E72: =D72/1000 -> 0.06 | F72: =VLOOKUP($B72,INGREDIENTS!$B$2:$D$100,3,FALSE)*'BASES ROUGES'!E72 -> #N/A | H72: PRIX DE VENTE TTC à 7% | J72: =SUM((J70*J71)+J70) -> #N/A
D73: 50 | E73: =D73/1000 -> 0.05 | F73: =VLOOKUP($B73,INGREDIENTS!$B$2:$D$100,3,FALSE)*'BASES ROUGES'!E73 -> #N/A | H73: BENEFICES BRUTS | J73: =SUM((J72-(J67+J68))) -> #N/A
H74: TVA | I74: TVA déductible | J74: =((J67+J68)*GESTION!$C$13)+(J69*GESTION!$C$15) -> #N/A
I75: TVA Collectée | J75: =J72*GESTION!$C$14 -> #N/A
I76: TVA Reverssée | J76: =J75-J74 -> #N/A
A78: DESIGNATION | B78: GARNITURES | D78: Qt gr | E78: Kilos | F78: COUT DE REVIENT € | H78: TOTAL REVIENT GARNITURES HT | J78: =SUM(F79:F86) -> #N/A
A79: RECETTE 8 | B79: Coulis de Tomate | D79: 50 | E79: =D79/1000 -> 0.05 | F79: =VLOOKUP($B79,INGREDIENTS!$B$2:$D$100,3,FALSE)*'BASES ROUGES'!E79 -> 0.0645 | H79: TOTAL REVIENT PATON 280 GR HT | J79: =INGREDIENTS!$N$11 -> 0.245
B80: Mozzarella cossette | D80: 50 | E80: =D80/1000 -> 0.05 | F80: =VLOOKUP($B80,INGREDIENTS!$B$2:$D$100,3,FALSE)*'BASES ROUGES'!E80 -> 0.1 | H80: Boite à pizza Ø 31 | J80: =GESTION!$E$19 -> 0.18
D81: 50 | E81: =D81/1000 -> 0.05 | F81: =VLOOKUP($B81,INGREDIENTS!$B$2:$D$100,3,FALSE)*'BASES ROUGES'!E81 -> #N/A | H81: TOTAL PRIX DE REVIENT | J81: =SUM(J78+J79+J80) -> #N/A
D82: 50 | E82: =D82/1000 -> 0.05 | F82: =VLOOKUP($B82,INGREDIENTS!$B$2:$D$100,3,FALSE)*'BASES ROUGES'!E82 -> #N/A | H82: % DE MARGE BRUTE | J82: 4.15
D83: 20 | E83: =D83/1000 -> 0.02 | F83: =VLOOKUP($B83,INGREDIENTS!$B$2:$D$100,3,FALSE)*'BASES ROUGES'!E83 -> #N/A | H83: PRIX DE VENTE TTC à 7% | J83: =SUM((J81*J82)+J81) -> #N/A
D84: 2 | E84: =D84/1000 -> 0.002 | F84: =VLOOKUP($B84,INGREDIENTS!$B$2:$D$100,3,FALSE)*'BASES ROUGES'!E84 -> #N/A | H84: BENEFICES BRUTS | J84: =SUM((J83-(J78+J79))) -> #N/A
H85: TVA | I85: TVA déductible | J85: =((J78+J79)*GESTION!$C$13)+(J80*GESTION!$C$15) -> #N/A
I86: TVA Collectée | J86: =J83*GESTION!$C$14 -> #N/A
I87: TVA Reverssée | J87: =J86-J85 -> #N/A
A89: DESIGNATION | B89: GARNITURES | D89: Qt gr | E89: Kilos | F89: COUT DE REVIENT € | H89: TOTAL REVIENT GARNITURES HT | J89: =SUM(F90:F96) -> #N/A
A90: RECETTE 9 | B90: Coulis de Tomate | D90: 50 | E90: =D90/1000 -> 0.05 | F90: =VLOOKUP($B90,INGREDIENTS!$B$2:$D$100,3,FALSE)*'BASES ROUGES'!E90 -> 0.0645 | H90: TOTAL REVIENT PATON 280 GR HT | J90: =INGREDIENTS!$N$11 -> 0.245
B91: Mozzarella cossette | D91: 80 | E91: =D91/1000 -> 0.08 | F91: =VLOOKUP($B91,INGREDIENTS!$B$2:$D$100,3,FALSE)*'BASES ROUGES'!E91 -> 0.16 | H91: Boite à pizza Ø 31 | J91: =GESTION!$E$19 -> 0.18
D92: 50 | E92: =D92/1000 -> 0.05 | F92: =VLOOKUP($B92,INGREDIENTS!$B$2:$D$100,3,FALSE)*'BASES ROUGES'!E92 -> #N/A | H92: TOTAL PRIX DE REVIENT | J92: =SUM(J89+J90+J91) -> #N/A
D93: 25 | E93: =D93/1000 -> 0.025 | F93: =VLOOKUP($B93,INGREDIENTS!$B$2:$D$100,3,FALSE)*'BASES ROUGES'!E93 -> #N/A | H93: % DE MARGE BRUTE | J93: 4
D94: 25 | E94: =D94/1000 -> 0.025 | F94: =VLOOKUP($B94,INGREDIENTS!$B$2:$D$100,3,FALSE)*'BASES ROUGES'!E94 -> #N/A | H94: PRIX DE VENTE TTC à 7% | J94: =SUM((J92*J93)+J92) -> #N/A
D95: 40 | E95: =D95/1000 -> 0.04 | F95: =VLOOKUP($B95,INGREDIENTS!$B$2:$D$100,3,FALSE)*'BASES ROUGES'!E95 -> #N/A | H95: BENEFICES BRUTS | J95: =SUM((J94-(J89+J90))) -> #N/A
D96: 150 | E96: =D96/1000 -> 0.15 | F96: =VLOOKUP($B96,INGREDIENTS!$B$2:$D$100,3,FALSE)*'BASES ROUGES'!E96 -> #N/A | H96: TVA | I96: TVA déductible | J96: =((J89+J90)*GESTION!$C$13)+(J91*GESTION!$C$15) -> #N/A
I97: TVA Collectée | J97: =J94*GESTION!$C$14 -> #N/A
I98: TVA Reverssée | J98: =J97-J96 -> #N/A
A100: DESIGNATION | B100: GARNITURES | D100: Qt gr | E100: Kilos | F100: COUT DE REVIENT € | H100: TOTAL REVIENT GARNITURES HT | J100: =SUM(F101:F108) -> #N/A
A101: RECETTE 10 | B101: Coulis de Tomate | D101: 50 | E101: =D101/1000 -> 0.05 | F101: =VLOOKUP($B101,INGREDIENTS!$B$2:$D$100,3,FALSE)*'BASES ROUGES'!E101 -> 0.0645 | H101: TOTAL REVIENT PATON 280 GR HT | J101: =INGREDIENTS!$N$11 -> 0.245
B102: Mozzarella cossette | D102: 80 | E102: =D102/1000 -> 0.08 | F102: =VLOOKUP($B102,INGREDIENTS!$B$2:$D$100,3,FALSE)*'BASES ROUGES'!E102 -> 0.16 | H102: Boite à pizza Ø 31 | J102: =GESTION!$E$19 -> 0.18
D103: 150 | E103: =D103/1000 -> 0.15 | F103: =VLOOKUP($B103,INGREDIENTS!$B$2:$D$100,3,FALSE)*'BASES ROUGES'!E103 -> #N/A | H103: TOTAL PRIX DE REVIENT | J103: =SUM(J100+J101+J102) -> #N/A
D104: 40 | E104: =D104/1000 -> 0.04 | F104: =VLOOKUP($B104,INGREDIENTS!$B$2:$D$100,3,FALSE)*'BASES ROUGES'!E104 -> #N/A | H104: % DE MARGE BRUTE | J104: 2.28
D105: 40 | E105: =D105/1000 -> 0.04 | F105: =VLOOKUP($B105,INGREDIENTS!$B$2:$D$100,3,FALSE)*'BASES ROUGES'!E105 -> #N/A | H105: PRIX DE VENTE TTC à 7% | J105: =SUM((J103*J104)+J103) -> #N/A
D106: 10 | E106: =D106/1000 -> 0.01 | F106: =VLOOKUP($B106,INGREDIENTS!$B$2:$D$100,3,FALSE)*'BASES ROUGES'!E106 -> #N/A | H106: BENEFICES BRUTS | J106: =SUM((J105-(J100+J101))) -> #N/A
H107: TVA | I107: TVA déductible | J107: =((J100+J101)*GESTION!$C$13)+(J102*GESTION!$C$15) -> #N/A
I108: TVA Collectée | J108: =J105*GESTION!$C$14 -> #N/A
...

Sheet BASES BLANCHES
A1: DESIGNATION | B1: GARNITURES | D1: Qt gr | E1: Kilos | F1: COUT DE REVIENT € | H1: TOTAL REVIENT GARNITURES HT | J1: =SUM(F2:F8) -> 0.8735 | M1: Prix moyen des Pizzas Blanches | Q1: =SUM(J6,J17,J28,J39,J50,J61,J72,J83)/8 -> #N/A
A2: RECETTE 1 | B2: Crème Fraiche | D2: 50 | E2: =D2/1000 -> 0.05 | F2: =VLOOKUP($B2,INGREDIENTS!$B$2:$D$101,3,FALSE)*'BASES BLANCHES'!$E2 -> 0.1295 | H2: TOTAL REVIENT PATON 280 GR HT | J2: =INGREDIENTS!$N$11 -> 0.245 | M2: Cout moyen des matière 1eres | Q2: =(J4+J15+J26+J37+J48+J59+J70+J81)/8 -> #N/A
B3: Mozzarella cossette | D3: 80 | E3: =D3/1000 -> 0.08 | F3: =VLOOKUP($B3,INGREDIENTS!$B$2:$D$101,3,FALSE)*'BASES BLANCHES'!$E3 -> 0.16 | H3: Boite à pizza Ø 31 | J3: =GESTION!$E$19 -> 0.18
B4: Oignons Rouges | D4: 40 | E4: =D4/1000 -> 0.04 | F4: =VLOOKUP($B4,INGREDIENTS!$B$2:$D$101,3,FALSE)*'BASES BLANCHES'!$E4 -> 0.08 | H4: TOTAL PRIX DE REVIENT | J4: =SUM(J1+J2) -> 1.1185 | S4: REMPLIR LA COLONE D (Qt gr) UNIQUEMENT La conversion Grammes / Kilos est automatique
B5: Poulet | D5: 150 | E5: =D5/1000 -> 0.15 | F5: =VLOOKUP($B5,INGREDIENTS!$B$2:$D$101,3,FALSE)*'BASES BLANCHES'!$E5 -> 0.3 | H5: % DE MARGE BRUTE | J5: 3.7
B6: Ananas | D6: 80 | E6: =D6/1000 -> 0.08 | F6: =VLOOKUP($B6,INGREDIENTS!$B$2:$D$101,3,FALSE)*'BASES BLANCHES'!$E6 -> 0.16 | H6: PRIX DE VENTE TTC à 7% | J6: =SUM((J4*J5)+J4) -> 5.25695 | M6: PIZZA | N6: Marges B | O6: Bénéfices b | P6: Prix de vente | Q6: Prix de revient
B7: Cury | D7: 2 | E7: =D7/1000 -> 0.002 | F7: =VLOOKUP($B7,INGREDIENTS!$B$2:$D$101,3,FALSE)*'BASES BLANCHES'!$E7 -> 0.004 | H7: BENEFICES BRUTS | J7: =SUM((J6-(J1+J2))) -> 4.13845 | M7: RECETTE 1 | N7: =J5 -> 3.7 | O7: =J7 -> 4.13845 | P7: =J6 -> 5.25695 | Q7: =J4 -> 1.1185
B8: Olives Noir | D8: 20 | E8: =D8/1000 -> 0.02 | F8: =VLOOKUP($B8,INGREDIENTS!$B$2:$D$101,3,FALSE)*'BASES BLANCHES'!$E8 -> 0.04 | H8: TVA | I8: TVA déductible | J8: =((J1+J2)*GESTION!$C$13)+(J3*GESTION!$C$15) -> 0.0975175 | M8: RECETTE 2 | N8: =J16 -> 4.09 | O8: =J18 -> #N/A | P8: =J17 -> #N/A | Q8: =J15 -> #N/A
I9: TVA Collectée | J9: =J6*GESTION!$C$14 -> 0.3679865 | M9: RECETTE 3 | N9: =J27 -> 4.465 | O9: =J29 -> #N/A | P9: =J28 -> #N/A | Q9: =J26 -> #N/A | S9: CHOISIR SA GARNITURE A L'AIDE DU MENU DEROULANT (Colonnes B/C)
I10: TVA Reverssée | J10: =J9-J8 -> 0.270469 | M10: RECETTE 4 | N10: =J38 -> 2.7 | O10: =J40 -> #N/A | P10: =J39 -> #N/A | Q10: =J37 -> #N/A
M11: RECETTE 5 | N11: =J49 -> 3.92 | O11: =J51 -> #N/A | P11: =J50 -> #N/A | Q11: =J48 -> #N/A
A12: DESIGNATION | B12: GARNITURES | D12: Qt gr | E12: Kilos | F12: COUT DE REVIENT € | H12: TOTAL REVIENT GARNITURES HT | J12: =SUM(F13:F19) -> #N/A | M12: RECETTE 6 | N12: =J60 -> 4.2 | O12: =J62 -> #N/A | P12: =J50 -> #N/A | Q12: =J59 -> #N/A
A13: RECETTE 2 | B13: Crème Fraiche | D13: 50 | E13: =D13/1000 -> 0.05 | F13: =VLOOKUP($B13,INGREDIENTS!$B$2:$D$101,3,FALSE)*'BASES BLANCHES'!$E13 -> 0.1295 | H13: TOTAL REVIENT PATON 280 GR HT | J13: =INGREDIENTS!$N$11 -> 0.245 | M13: RECETTE 7 | N13: =J49 -> 3.92 | O13: =J73 -> #N/A | P13: =J72 -> #N/A | Q13: =J70 -> #N/A
B14: Mozzarella cossette | D14: 80 | E14: =D14/1000 -> 0.08 | F14: =VLOOKUP($B14,INGREDIENTS!$B$2:$D$101,3,FALSE)*'BASES BLANCHES'!$E14 -> 0.16 | H14: Boite à pizza Ø 31 | J14: =GESTION!$E$19 -> 0.18 | M14: RECETTE 8 | N14: =J82 -> 2.65 | O14: =J84 -> #N/A | P14: =J83 -> #N/A | Q14: =J81 -> #N/A
D15: 100 | E15: =D15/1000 -> 0.1 | F15: =VLOOKUP($B15,INGREDIENTS!$B$2:$D$101,3,FALSE)*'BASES BLANCHES'!$E15 -> #N/A | H15: TOTAL PRIX DE REVIENT | J15: =SUM(J12+J13) -> #N/A
D16: 40 | E16: =D16/1000 -> 0.04 | F16: =VLOOKUP($B16,INGREDIENTS!$B$2:$D$101,3,FALSE)*'BASES BLANCHES'!$E16 -> #N/A | H16: % DE MARGE BRUTE | J16: 4.09
D17: 20 | E17: =D17/1000 -> 0.02 | F17: =VLOOKUP($B17,INGREDIENTS!$B$2:$D$101,3,FALSE)*'BASES BLANCHES'!$E17 -> #N/A | H17: PRIX DE VENTE TTC à 7% | J17: =SUM((J15*J16)+J15) -> #N/A
D18: 15 | E18: =D18/1000 -> 0.015 | F18: =VLOOKUP($B18,INGREDIENTS!$B$2:$D$101,3,FALSE)*'BASES BLANCHES'!$E18 -> #N/A | H18: BENEFICES BRUTS | J18: =SUM((J17-(J12+J13))) -> #N/A
D19: 10 | E19: =D19/1000 -> 0.01 | F19: =VLOOKUP($B19,INGREDIENTS!$B$2:$D$101,3,FALSE)*'BASES BLANCHES'!$E19 -> #N/A | H19: TVA | I19: TVA déductible | J19: =((J12+J13)*GESTION!$C$13)+(J14*GESTION!$C$15) -> #N/A
I20: TVA Collectée | J20: =J17*GESTION!$C$14 -> #N/A
I21: TVA Reverssée | J21: =J20-J19 -> #N/A
A23: DESIGNATION | B23: GARNITURES | D23: Qt gr | E23: Kilos | F23: COUT DE REVIENT € | H23: TOTAL REVIENT GARNITURES HT | J23: =SUM(F24:F31) -> #N/A
A24: RECETTE 3 | B24: Crème Fraiche | D24: 70 | E24: =D24/1000 -> 0.07 | F24: =VLOOKUP($B24,INGREDIENTS!$B$2:$D$101,3,FALSE)*'BASES BLANCHES'!$E24 -> 0.1813 | H24: TOTAL REVIENT PATON 280 GR HT | J24: =INGREDIENTS!$N$11 -> 0.245
B25: Mozzarella cossette | D25: 80 | E25: =D25/1000 -> 0.08 | F25: =VLOOKUP($B25,INGREDIENTS!$B$2:$D$101,3,FALSE)*'BASES BLANCHES'!$E25 -> 0.16 | H25: Boite à pizza Ø 31 | J25: =GESTION!$E$19 -> 0.18
D26: 40 | E26: =D26/1000 -> 0.04 | F26: =VLOOKUP($B26,INGREDIENTS!$B$2:$D$101,3,FALSE)*'BASES BLANCHES'!$E26 -> #N/A | H26: TOTAL PRIX DE REVIENT | J26: =SUM(J23+J24) -> #N/A
D27: 40 | E27: =D27/1000 -> 0.04 | F27: =VLOOKUP($B27,INGREDIENTS!$B$2:$D$101,3,FALSE)*'BASES BLANCHES'!$E27 -> #N/A | H27: % DE MARGE BRUTE | J27: 4.465
D28: 50 | E28: =D28/1000 -> 0.05 | F28: =VLOOKUP($B28,INGREDIENTS!$B$2:$D$101,3,FALSE)*'BASES BLANCHES'!$E28 -> #N/A | H28: PRIX DE VENTE TTC à 7% | J28: =SUM((J26*J27)+J26) -> #N/A
H29: BENEFICES BRUTS | J29: =SUM((J28-(J23+J24))) -> #N/A
H30: TVA | I30: TVA déductible | J30: =((J23+J24)*GESTION!$C$13)+(J25*GESTION!$C$15) -> #N/A
I31: TVA Collectée | J31: =J28*GESTION!$C$14 -> #N/A
I32: TVA Reverssée | J32: =J31-J30 -> #N/A
A34: DESIGNATION | B34: GARNITURES | D34: Qt gr | E34: Kilos | F34: COUT DE REVIENT € | H34: TOTAL REVIENT GARNITURES HT | J34: =SUM(F35:F42) -> #N/A
A35: RECETTE 4 | B35: Crème Fraiche | D35: 50 | E35: =D35/1000 -> 0.05 | F35: =VLOOKUP($B35,INGREDIENTS!$B$2:$D$101,3,FALSE)*'BASES BLANCHES'!$E35 -> 0.1295 | H35: TOTAL REVIENT PATON 280 GR HT | J35: 0.14286667
B36: Mozzarella cossette | D36: 80 | E36: =D36/1000 -> 0.08 | F36: =VLOOKUP($B36,INGREDIENTS!$B$2:$D$101,3,FALSE)*'BASES BLANCHES'!$E36 -> 0.16 | H36: Boite à pizza Ø 31 | J36: =GESTION!$E$19 -> 0.18
D37: 40 | E37: =D37/1000 -> 0.04 | F37: =VLOOKUP($B37,INGREDIENTS!$B$2:$D$101,3,FALSE)*'BASES BLANCHES'!$E37 -> #N/A | H37: TOTAL PRIX DE REVIENT | J37: =SUM(J34+J35) -> #N/A
D38: 90 | E38: =D38/1000 -> 0.09 | F38: =VLOOKUP($B38,INGREDIENTS!$B$2:$D$101,3,FALSE)*'BASES BLANCHES'!$E38 -> #N/A | H38: % DE MARGE BRUTE | J38: 2.7
D39: 30 | E39: =D39/1000 -> 0.03 | F39: =VLOOKUP($B39,INGREDIENTS!$B$2:$D$101,3,FALSE)*'BASES BLANCHES'!$E39 -> #N/A | H39: PRIX DE VENTE TTC à 7% | J39: =SUM((J37*J38)+J37) -> #N/A
D40: 5 | E40: =D40/1000 -> 0.005 | F40: =VLOOKUP($B40,INGREDIENTS!$B$2:$D$101,3,FALSE)*'BASES BLANCHES'!$E40 -> #N/A | H40: BENEFICES BRUTS | J40: =SUM((J39-(J34+J35))) -> #N/A
H41: TVA | I41: TVA déductible | J41: =((J34+J35)*GESTION!$C$13)+(J36*GESTION!$C$15) -> #N/A
I42: TVA Collectée | J42: =J39*GESTION!$C$14 -> #N/A
I43: TVA Reverssée | J43: =J42-J41 -> #N/A
A45: DESIGNATION | B45: GARNITURES | D45: Qt gr | E45: Kilos | F45: COUT DE REVIENT € | H45: TOTAL REVIENT GARNITURES HT | J45: =SUM(F46:F53) -> #N/A
A46: RECETTE 5 | B46: Crème Fraiche | D46: 50 | E46: =D46/1000 -> 0.05 | F46: =VLOOKUP($B46,INGREDIENTS!$B$2:$D$101,3,FALSE)*'BASES BLANCHES'!$E46 -> 0.1295 | H46: TOTAL REVIENT PATON 280 GR HT | J46: =INGREDIENTS!$N$11 -> 0.245
B47: Mozzarella cossette | D47: 80 | E47: =D47/1000 -> 0.08 | F47: =VLOOKUP($B47,INGREDIENTS!$B$2:$D$101,3,FALSE)*'BASES BLANCHES'!$E47 -> 0.16 | H47: Boite à pizza Ø 31 | J47: =GESTION!$E$19 -> 0.18
D48: 40 | E48: =D48/1000 -> 0.04 | F48: =VLOOKUP($B48,INGREDIENTS!$B$2:$D$101,3,FALSE)*'BASES BLANCHES'!$E48 -> #N/A | H48: TOTAL PRIX DE REVIENT | J48: =SUM(J45+J46) -> #N/A
D49: 150 | E49: 0.15 | F49: =VLOOKUP($B49,INGREDIENTS!$B$2:$D$101,3,FALSE)*'BASES BLANCHES'!$E49 -> #N/A | H49: % DE MARGE BRUTE | J49: 3.92
D50: 0.3 | E50: 0.003 | F50: =VLOOKUP($B50,INGREDIENTS!$B$2:$D$101,3,FALSE)*'BASES BLANCHES'!$E50 -> #N/A | H50: PRIX DE VENTE TTC à 7% | J50: =SUM((J48*J49)+J48) -> #N/A
D51: 0.5 | E51: 0.005 | F51: =VLOOKUP($B51,INGREDIENTS!$B$2:$D$101,3,FALSE)*'BASES BLANCHES'!$E51 -> #N/A | H51: BENEFICES BRUTS | J51: =SUM((J50-(J45+J46))) -> #N/A
H52: TVA | I52: TVA déductible | J52: =((J45+J46)*GESTION!$C$13)+(J47*GESTION!$C$15) -> #N/A
I53: TVA Collectée | J53: =J50*GESTION!$C$14 -> #N/A
I54: TVA Reverssée | J54: =J53-J52 -> #N/A
A56: DESIGNATION | B56: GARNITURES | D56: Qt gr | E56: Kilos | F56: COUT DE REVIENT € | H56: TOTAL REVIENT GARNITURES HT | J56: =SUM(F57:F63) -> #N/A
A57: RECETTE 6 | B57: Crème Fraiche | D57: 50 | E57: =D57/1000 -> 0.05 | F57: =VLOOKUP($B57,INGREDIENTS!$B$2:$D$101,3,FALSE)*'BASES BLANCHES'!$E57 -> 0.1295 | H57: TOTAL REVIENT PATON 280 GR HT | J57: =INGREDIENTS!$N$11 -> 0.245
B58: Mozzarella cossette | D58: 80 | E58: =D58/1000 -> 0.08 | F58: =VLOOKUP($B58,INGREDIENTS!$B$2:$D$101,3,FALSE)*'BASES BLANCHES'!$E58 -> 0.16 | H58: Boite à pizza Ø 31 | J58: =GESTION!$E$19 -> 0.18
D59: 40 | E59: 0.04 | F59: =VLOOKUP($B59,INGREDIENTS!$B$2:$D$101,3,FALSE)*'BASES BLANCHES'!$E59 -> #N/A | H59: TOTAL PRIX DE REVIENT | J59: =SUM(J56+J57) -> #N/A
D60: 15 | E60: 0.015 | F60: =VLOOKUP($B60,INGREDIENTS!$B$2:$D$101,3,FALSE)*'BASES BLANCHES'!$E60 -> #N/A | H60: % DE MARGE BRUTE | J60: 4.2
D61: 35 | E61: 0.035 | F61: =VLOOKUP($B61,INGREDIENTS!$B$2:$D$101,3,FALSE)*'BASES BLANCHES'!$E61 -> #N/A | H61: PRIX DE VENTE TTC à 7% | J61: =SUM((J59*J60)+J59) -> #N/A
D62: 150 | E62: 0.15 | F62: =VLOOKUP($B62,INGREDIENTS!$B$2:$D$101,3,FALSE)*'BASES BLANCHES'!$E62 -> #N/A | H62: BENEFICES BRUTS | J62: =SUM((J61-(J56+J57))) -> #N/A
D63: 10 | E63: =D63/1000 -> 0.01 | F63: =VLOOKUP($B63,INGREDIENTS!$B$2:$D$101,3,FALSE)*'BASES BLANCHES'!$E63 -> #N/A | H63: TVA | I63: TVA déductible | J63: =((J56+J57)*GESTION!$C$13)+(J58*GESTION!$C$15) -> #N/A
I64: TVA Collectée | J64: =J61*GESTION!$C$14 -> #N/A
I65: TVA Reverssée | J65: =J64-J63 -> #N/A
A67: DESIGNATION | B67: GARNITURES | D67: Qt gr | E67: Kilos | F67: COUT DE REVIENT € | H67: TOTAL REVIENT GARNITURES HT | J67: =SUM(F68:F75) -> #N/A
A68: RECETTE 7 | B68: Crème Fraiche | D68: 50 | E68: =D68/1000 -> 0.05 | F68: =VLOOKUP($B68,INGREDIENTS!$B$2:$D$101,3,FALSE)*'BASES BLANCHES'!$E68 -> 0.1295 | H68: TOTAL REVIENT PATON 280 GR HT | J68: =INGREDIENTS!$N$11 -> 0.245
B69: Mozzarella cossette | D69: 80 | E69: =D69/1000 -> 0.08 | F69: =VLOOKUP($B69,INGREDIENTS!$B$2:$D$101,3,FALSE)*'BASES BLANCHES'!$E69 -> 0.16 | H69: Boite à pizza Ø 31 | J69: =GESTION!$E$19 -> 0.18
D70: 80 | E70: =D70/1000 -> 0.08 | F70: =VLOOKUP($B70,INGREDIENTS!$B$2:$D$101,3,FALSE)*'BASES BLANCHES'!$E70 -> #N/A | H70: TOTAL PRIX DE REVIENT | J70: =SUM(J67+J68) -> #N/A
D71: 10 | E71: =D71/1000 -> 0.01 | F71: =VLOOKUP($B71,INGREDIENTS!$B$2:$D$101,3,FALSE)*'BASES BLANCHES'!$E71 -> #N/A | H71: % DE MARGE BRUTE | J71: 3.2
D72: 10 | E72: =D72/1000 -> 0.01 | F72: =VLOOKUP($B72,INGREDIENTS!$B$2:$D$101,3,FALSE)*'BASES BLANCHES'!$E72 -> #N/A | H72: PRIX DE VENTE TTC à 7% | J72: =SUM((J70*J71)+J70) -> #N/A
H73: BENEFICES BRUTS | J73: =SUM((J72-(J67+J68))) -> #N/A
H74: TVA | I74: TVA déductible | J74: =((J67+J68)*GESTION!$C$13)+(J69*GESTION!$C$15) -> #N/A
I75: TVA Collectée | J75: =J72*GESTION!$C$14 -> #N/A
I76: TVA Reverssée | J76: =J75-J74 -> #N/A
H78: TOTAL REVIENT GARNITURES HT | J78: =SUM(F79:F85) -> #N/A
A79: DESIGNATION | B79: GARNITURES | D79: Qt gr | E79: Kilos | F79: COUT DE REVIENT € | H79: TOTAL REVIENT PATON 280 GR HT | J79: =INGREDIENTS!$N$11 -> 0.245
A80: RECETTE 8 | B80: Crème Fraiche | D80: 50 | E80: =D80/1000 -> 0.05 | F80: =VLOOKUP($B80,INGREDIENTS!$B$2:$D$101,3,FALSE)*'BASES BLANCHES'!$E80 -> 0.1295 | H80: Boite à pizza Ø 31 | J80: =GESTION!$E$19 -> 0.18
B81: Mozzarella cossette | D81: 80 | E81: =D81/1000 -> 0.08 | F81: =VLOOKUP($B81,INGREDIENTS!$B$2:$D$101,3,FALSE)*'BASES BLANCHES'!$E81 -> 0.16 | H81: TOTAL PRIX DE REVIENT | J81: =SUM(J78+J79) -> #N/A
D82: 20 | E82: =D82/1000 -> 0.02 | F82: =VLOOKUP($B82,INGREDIENTS!$B$2:$D$101,3,FALSE)*'BASES BLANCHES'!$E82 -> #N/A | H82: % DE MARGE BRUTE | J82: 2.65
D83: 50 | E83: =D83/1000 -> 0.05 | F83: =VLOOKUP($B83,INGREDIENTS!$B$2:$D$101,3,FALSE)*'BASES BLANCHES'!$E83 -> #N/A | H83: PRIX DE VENTE TTC à 7% | J83: =SUM((J81*J82)+J81) -> #N/A
D84: 4 | E84: =D84/1000 -> 0.004 | F84: =VLOOKUP($B84,INGREDIENTS!$B$2:$D$101,3,FALSE)*'BASES BLANCHES'!$E84 -> #N/A | H84: BENEFICES BRUTS | J84: =SUM((J83-(J78+J79))) -> #N/A
D85: 16 | E85: =D85/1000 -> 0.016 | F85: =VLOOKUP($B85,INGREDIENTS!$B$2:$D$101,3,FALSE)*'BASES BLANCHES'!$E85 -> #N/A | H85: TVA | I85: TVA déductible | J85: =((J78+J79)*GESTION!$C$13)+(J80*GESTION!$C$15) -> #N/A
I86: TVA Collectée | J86: =J83*GESTION!$C$14 -> #N/A
I87: TVA Reverssée | J87: =J86-J85 -> #N/A

Sheet INGREDIENTS VIERGE
A1: TYPE | B1: PRODUIT | C1: UNITE | D1: PRIX € HT | E1: MARQUE | F1: CONDITIONNER | G1: DATE
A2: Sec | B2: Farine | C2: Kg
B3: Levure | C3: Kg
A4: Bases | B4: Coulis de Tomate | C4: Kg
B5: Crème Fraiche | C5: Kg
A6: Fromages | B6: Mozzarella | C6: Kg
B7: Paremesan | C7: Kg
B8: Chèvre | C8: Kg
B9: Roquefort | C9: Kg
B10: Emmental | C10: Kg
A11: Légumes | B11: Tomates | C11: Kg
B12: Poivrons | C12: Kg
B13: Courgette | C13: Kg
B14: Piments | C14: Kg
B15: Oignons Blanc | C15: Kg
B16: Oignons Rouges | C16: Kg
B17: Echalottes | C17: Kg
B18: Ail | C18: Kg
B19: Champignon Paris | C19: Kg
B20: Cèpes | C20: Kg
B21: Roquette | C21: Kg
B22: Basilic | C22: Kg
B23: Ciboulette | C23: Kg
A24: Fruits | B24: Olives Verte | C24: Kg
B25: Olives Noir | C25: Kg
B26: Citron Jaune | C26: Kg
B27: Miel | C27: Kg
B28: Ananas | C28: Kg
A29: Viande & poissons | B29: Bœuf | C29: Kg
B30: Poulet | C30: Kg
B31: Canard magret | C31: Kg
B32: Andouillettes | C32: Kg
B33: Saumon Darnes | C33: Kg
B34: Saumon Fumé | C34: Kg
A35: Epices | B35: Sel | C35: Kg
B36: Poivre | C36: Kg
B37: Ras el hanout | C37: Kg
B38: Cury | C38: Kg
